 Dungeon Crawl Stone Soup version 0.18-a0-1772-gce6d5cf (webtiles) character file.

40 HermannLoens the Cudgeler (level 3, 0/36 HPs)
             Began as an Ogre Skald on Apr 14, 2016.
             Succumbed to an adder's poison
             ... on level 2 of the Dungeon.
             The game lasted 00:06:44 (1209 turns).

HermannLoens the Cudgeler (Ogre Skald)              Turns: 1209, Time: 00:06:44

Health: 0/36       AC:  3    Str: 17    XL:     3   Next: 50%
Magic:  6/6        EV: 10    Int: 12    God:
Gold:   38         SH:  0    Dex:  9    Spells: 3 memorised, 0 levels left

rFire  . . .     SeeInvis .     q - +0 flail
rCold  . . .     Gourm    .     b - +0 robe
rNeg   . . .     Faith    .     (no shield)
rPois  .         Spirit   .     (helmet restricted)
rElec  .         Dismiss  .     (no cloak)
rCorr  .         Reflect  .     (gloves unavailable)
SustAt .         Harm     .     (boots unavailable)
MR     .....                    (no amulet)
Stlth  +.........               (no ring)
                                (no ring)

@: lethally poisoned (0 -> -6), not resistant to hostile enchantments, very
unstealthy
A: unfitting armour, tough skin 1
a: no special abilities


You were on level 2 of the Dungeon.
You were not hungry.

You visited 1 branch of the dungeon, and saw 2 of its levels.

You collected 38 gold pieces.

Inventory:

Hand Weapons
 a - a +0 mace
 e - a +0 hunting sling
 q - a +0 flail (weapon)
Missiles
 k - 71 stones (quivered)
Armour
 b - a +0 robe (worn)
Wands
 o - a wand of confusion (37/48)
Scrolls
 f - a scroll of enchant weapon {unknown}
 g - 2 scrolls of identify {unknown}
 h - a scroll of magic mapping {unknown}
 i - a scroll of noise {unknown}
 l - a scroll of enchant armour {unknown}
 n - a scroll of remove curse {unknown}
Potions
 j - a potion of curing {unknown}
 m - a potion of flight {unknown}
 p - a potion of lignification {unknown}
 s - a potion of degeneration {unknown}
Books
 c - a book of Battle

   Spells                             Type                      Level
   a - Infusion                       Charms                       1
   b - Shroud of Golubria             Charms/Translocation         2
   c - Song of Slaying                Charms                       2
   d - Spectral Weapon                Hexes/Charms                 3
   e - Regeneration                   Charms/Necromancy            3
Comestibles
 d - 2 bread rations
 r - 2 chunks of flesh


   Skills:
 - Level 2.6 Fighting
 * Level 4.4 Maces & Flails
 + Level 2.0 Dodging
 - Level 2.4 Spellcasting
 - Level 2.1 Charms
 + Level 0.1 Necromancy


You couldn't memorise any spells.
You knew the following spells:

 Your Spells              Type           Power        Failure   Level  Hunger
a - Infusion              Chrm           #...         12%         1    ##.....
b - Song of Slaying       Chrm           #.......     17%         2    ###....
c - Regeneration          Chrm/Necr      #.........   56%         3    ####...


Dungeon Overview and Level Annotations

Branches:
Dungeon (2/15)

Altars:


Innate Abilities, Weirdness & Mutations

You are too large for most types of armour.
You have tough skin (AC +1).


Message History

The adder bites you but does no damage.
You miss the adder.
The adder is lightly wounded.
* * * LOW HITPOINT WARNING * * *
You feel sick. The adder barely misses you.
You closely miss the adder.
The adder is lightly wounded.
* * * LOW HITPOINT WARNING * * *
You feel sick. The adder bites you but does no damage.
The adder closely misses you.
You hit the adder.
The adder is moderately wounded.
* * * LOW HITPOINT WARNING * * *
You feel sick. The adder misses you. The adder barely misses you.
You hit the adder.
The adder is heavily wounded.
The adder barely misses you.
You hit the adder but do no damage.
The adder is heavily wounded.
You die...

#.## #...... #######..# #.8#8..
......#..###.#!#†#
.).........#.8#8÷.
#######<.......... ..
#.###..####. ... #..........)
....#############.....###...##.
...<.....†...S@...###.# ##.....
.).##..########### #.####.....
##......########...[..##..
######..##........######.
#####....######..# #.
#......### ##...# ##
#..####.######## ##.# ...
#.....>... .# # ########## .


You could see an adder.

Vanquished Creatures
  An adder (D:2)
  A worm (D:2)
  A giant gecko (D:1)
  4 bats
  A giant cockroach (D:1)
  2 goblins (D:2)
  4 hobgoblins (D:1)
  3 jackals (D:2)
  2 giant newts (D:1)
  3 kobolds
  5 rats
27 creatures vanquished.

Notes
Turn   | Place    | Note
--------------------------------------------------------------
     0 | D:1      | HermannLoens the Ogre Skald began the quest for the Orb.
     0 | D:1      | Reached XP level 1. HP: 22/22 MP: 3/3
    69 | D:1      | Reached skill level 3 in Maces & Flails
   340 | D:1      | Reached XP level 2. HP: 25/29 MP: 5/5
   739 | D:2      | Reached skill level 4 in Maces & Flails
   739 | D:2      | Reached XP level 3. HP: 3/36 MP: 6/6
   748 | D:2      | Learned a level 2 spell: Song of Slaying
   752 | D:2      | Learned a level 3 spell: Regeneration
  1206 | D:2      | HP: 1/36 [poisoned by an adder]
  1209 | D:2      | Succumbed to an adder's poison

Vault maps used:
D:1:      dpeg_arrival_renting
D:2:      nicolae_qazlal_general_emergency, lemuel_crystal_altar,
          grunt_pakellas_mercury, minmay_statues_item

Skill      XL: |  1  2 |
---------------+-------+-----
Maces & Flails | 3 4 |  4.4
Dodging        | 2 |  2.0
Fighting       | |  2.6
Spellcasting   | |  2.4
Charms         | |  2.1
Necromancy     | |  0.1

Action                   || total
-------------------------++-------
Melee: Mace              ||    74
       Flail             ||    42
 Fire: Hunting sling     ||     5
  Eat: Chunk             ||     1
Armor: Robe              ||    35
Dodge: Dodged            ||    80
